 Dungeon Crawl Stone Soup version 0.20-a0-522-g0b37eee (webtiles) character file.

180 polly the Slasher (level 5, 0/40 HPs)
             Began as a Demonspawn Gladiator on Jan 26, 2017.
             Succumbed to a kobold's poison
             ... on level 3 of the Dungeon.
             The game lasted 00:02:51 (2148 turns).

polly the Slasher (Demonspawn Gladiator)            Turns: 2148, Time: 00:02:52

Health: 0/40       AC: 10    Str: 15    XL:     5   Next: 33%
Magic:  5/5        EV: 13    Int: 10    God:
Gold:   85         SH:  0    Dex: 19    Spells: 4/4 levels left

rFire    . . .     SeeInvis .   a - +0 long sword
rCold    . . .     Gourm    .   e - +0 chain mail
rNeg     . . .     Faith    .   (no shield)
rPois    .         Spirit   .   c - +0 helmet
rElec    .         Reflect  .   (no cloak)
rCorr    .         Harm     .   (no gloves)
MR       .....                  l - +0 pair of boots
Stlth    ..........             (no amulet)
Regen    0.2/turn               (no ring)
                                (no ring)

@: agile, lethally poisoned (0 -> -5)
A: claws 2, demonic guardian 1
a: no special abilities


You were on level 3 of the Dungeon.
You were not hungry.

You visited 1 branch of the dungeon, and saw 3 of its levels.

You collected 85 gold pieces.

Inventory:

Hand Weapons
 a - a +0 long sword (weapon)
Missiles
 d - 3 throwing nets (quivered)
Armour
 b - a +0 leather armour
 c - a +0 helmet (worn)
 e - a +0 chain mail (worn)
 l - a +0 pair of boots (worn)
Wands
 k - a wand of random effects (11/48)
Scrolls
 g - 5 scrolls of identify {unknown}
 h - 3 scrolls of remove curse {unknown}
 j - a scroll of enchant armour {unknown}
Comestibles
 f - 3 bread rations
 m - a meat ration
 n - 2 chunks of flesh


   Skills:
 + Level 2.9 Fighting
 + Level 4.2 Long Blades
 - Level 1.7 Throwing
 + Level 1.5 Armour
 + Level 3.3 Dodging


You had 4 spell levels left.
You didn't know any spells.

Dungeon Overview and Level Annotations

Branches:
Dungeon (3/15)

Altars:
Dithmenos
Hepliaklqana
Nemelex Xobeh


Innate Abilities, Weirdness & Mutations

You have very sharp fingernails.
A weak demonic guardian rushes to your aid.


Message History

You feel sick.
* * * LOW HITPOINT WARNING * * *
You feel sick.
* * * LOW HITPOINT WARNING * * *
You feel sick.
* * * LOW HITPOINT WARNING * * *
You feel sick.
* * * LOW HITPOINT WARNING * * *
You feel sick.
* * * LOW HITPOINT WARNING * * *
You feel sick.
* * * LOW HITPOINT WARNING * * *
You feel sick.
* * * LOW HITPOINT WARNING * * *
You feel sick.
* * * LOW HITPOINT WARNING * * *
You feel sick.
* * * LOW HITPOINT WARNING * * *
You feel sick.
You die...

#......####.##
###.............
.'.......[.....
##########.............
............###........
#####.......# #........
..#...)...# #........
#####.#†(.....# ######.##
......#(@.....# #.#
#..†(.....## #.#
#....##.### #.#
.####.......###########.##
..................(.......
#.#####...##........####.##
#.......####........# #.##
#######.# #........# #.##
#.# #........####.##


There were no monsters in sight!

Vanquished Creatures
  An orc wizard (D:3)
  An orc priest (D:3)
  5 adders
  An ooze (D:1)
  2 worms (D:2)
  3 orcs (D:3)
  7 goblins
  4 hobgoblins
  3 bats
  4 frilled lizards
  6 kobolds
  10 rats
47 creatures vanquished.

Vanquished Creatures (collateral kills)
  Ijyb (D:2)
  An orc (D:3)
  A kobold (D:2)
3 creatures vanquished.

Grand Total: 50 creatures vanquished

Notes
Turn   | Place    | Note
-------+----------+-------------------------------------------
     0 | D:1      | polly the Demonspawn Gladiator began the quest for the Orb.
     0 | D:1      | Reached XP level 1. HP: 16/16 MP: 1/1
   386 | D:1      | Gained mutation: You have sharp fingernails. [demonic ancestry]
   386 | D:1      | Reached XP level 2. HP: 22/22 MP: 2/2
   522 | D:1      | Reached skill level 3 in Long Blades
  1203 | D:2      | Noticed Ijyb
  1209 | D:2      | Gained mutation: A weak demonic guardian rushes to your aid. [demonic ancestry]
  1209 | D:2      | Reached XP level 3. HP: 15/28 MP: 3/3
  1219 | D:2      | Killed Ijyb
  1556 | D:2      | Reached XP level 4. HP: 30/34 MP: 4/4
  1558 | D:2      | Found a hazy altar of Hepliaklqana.
  1648 | D:2      | Reached skill level 1 in Armour
  1944 | D:3      | Found a sparkling altar of Nemelex Xobeh.
  1956 | D:3      | Found a shadowy altar of Dithmenos.
  2062 | D:3      | Reached skill level 4 in Long Blades
  2062 | D:3      | Gained mutation: You have very sharp fingernails. [demonic ancestry]
  2062 | D:3      | Reached XP level 5. HP: 39/39 MP: 5/5
  2145 | D:3      | HP: 2/40 [poisoned by a kobold]
  2148 | D:3      | Succumbed to a kobold's poison

Vault maps used:
D:1:      dpeg_arrival_tiny_f, minmay_misc_feat_four_crosses, moated_statue
D:2:      overflow_temple_1_default, first_bread, uniq_iyjb
D:3:      minitemple, zin_treasury, lemuel_zombie_altar_kikubaaqudgha

Skill      XL: |  1  2  3  4 |
---------------+-------------+-----
Dodging        | 3 |  3.3
Long Blades    | 3 4 |  4.2
Armour         | 1 |  1.5
Fighting       | |  2.9
Throwing       | |  1.7

Action                   |  1- 3 |  4- 6 || total
-------------------------+-------+-------++-------
Melee: Long sword        |    80 |   102 ||   182
  Use: Potion            |       |     1 ||     1
 Stab: Distracted        |     1 |       ||     1
  Eat: Chunk             |     2 |     2 ||     4
Armor: Leather armour    |     5 |       ||     5
       Chain mail        |    61 |    88 ||   149
Dodge: Dodged            |    34 |    55 ||    89
       Rpst.: Long sword |     9 |    18 ||    27
